 Dungeon Crawl Stone Soup version 0.26.1-11-gd32895ea62 (webtiles) character file.

Game seed: 3978471197485082348

155574 Exodus22XD the Severer (level 17, 0/150 (154) HPs)
             Began as a Hill Orc Monk on Apr 27, 2021.
             Was the Champion of Beogh.
             Slain by an orc sorcerer
             ... wielding a +0 dagger
              (2 damage)
             ... while paralysed by an orc sorcerer
             ... on level 2 of the Orcish Mines.
             The game lasted 02:39:12 (35291 turns).

Exodus22XD the Severer (Hill Orc Monk)             Turns: 35291, Time: 02:39:14

HP:   0/150 (154)   AC: 27    Str: 23    XL:     17   Next: 35%
MP:   28/28         EV:  2    Int: 10    God:    Beogh [******]
Gold: 2624          SH:  0    Dex: 17    Spells: 16/16 levels left

rFire    + + .     SeeInvis +   b - +9 war axe of Offence {flame, Str+2 Dex+4}
rCold    . . .     Faith    +   V - +2 kite shield {AC+3}
rNeg     . . .     Spirit   .   C - +4 fire dragon scales
rPois    .         Reflect  .   q - +0 helmet
rElec    .         Harm     .   m - +0 cloak
rCorr    .         Rampage  .   f - +0 pair of gloves
Will     +....                  c - +0 pair of boots
Stlth    ..........             Z - amulet of faith
HPRegen  0.35/turn              W - ring of protection from cold
MPRegen  0.21/turn              n - ring of see invisible

@: paralysed, liquid flames, glowing, lightly drained
A: walk on water
}: 1/15 runes: barnacled
a: Renounce Religion, Smiting, Recall Orcish Followers, Give Item to Named
Follower, Resurrection


You were on level 2 of the Orcish Mines.
You worshipped Beogh.
Beogh was exalted by your worship.
You visited 4 branches of the dungeon, and saw 27 of its levels.
You visited 1 bazaar.
You also visited: Ossuary and Ice Cave.

You collected 3002 gold pieces.
You spent 378 gold pieces at shops.

Inventory:

Hand Weapons
 b - the +9 war axe of Offence (weapon) {flame, Str+2 Dex+4}
   (You found it on level 5 of the Dungeon)

   It has been specially enchanted to burn those struck by it, causing extra
   injury to most foes and up to half again as much damage against particularly
   susceptible opponents.
   Big, fiery blades are also staple armaments of hydra-hunters.
   It affects your strength (+2).
   It affects your dexterity (+4).
 s - a +0 vorpal trident
 A - a +3 trident of freezing
 E - a +2 vampiric trident
 T - a +4 vorpal broad axe
Armour
 c - a +0 pair of boots (worn)
 f - a +0 pair of gloves (worn)
 m - a +0 cloak (worn)
 q - a +0 helmet (worn)
 C - +4 fire dragon scales (worn)
 O - a +2 tower shield of fire resistance
 S - the +1 chain mail "Ideisab" {Rampage *Corrode rC+++ MP-9}
   (You found it on level 15 of the Dungeon)

   It renders you almost immune to cold.
   It affects your magic capacity (-9).
   It may corrode you when you take damage.
   It bestows one free step when moving towards enemies.
 V - a +2 kite shield of protection (worn)
Jewellery
 n - a ring of see invisible (right hand)
 y - an uncursed amulet of regeneration
 D - a +6 ring of strength
 G - an uncursed ring of positive energy
 J - a +4 ring of protection
 W - a ring of protection from cold (left hand)
 Z - an amulet of faith (around neck)
Wands
 u - a wand of flame (21)
 L - a wand of paralysis (9)
 Q - a wand of iceblast (8)
 R - a wand of digging (8)
 U - a wand of acid (42)
Scrolls
 d - 6 scrolls of enchant weapon
 h - 18 scrolls of teleportation
 j - a scroll of identify
 k - 2 scrolls of magic mapping
 p - 2 scrolls of holy word
 r - 16 scrolls of remove curse
 v - 3 scrolls of vulnerability
 w - 7 scrolls of fog
 x - 2 scrolls of silence
 I - a scroll of summoning
 X - a scroll of fear
 Y - 3 scrolls of acquirement
Potions
 a - a potion of resistance
 e - 9 potions of curing
 g - 5 potions of magic
 i - 3 potions of mutation
 l - 2 potions of attraction
 o - 6 potions of lignification
 t - 2 potions of berserk rage
 z - 2 potions of flight
 B - 10 potions of haste
 F - 3 potions of might
 K - a potion of ambrosia
 P - 2 potions of cancellation


   Skills:
 + Level 14.3 Fighting
 + Level 18.4 Axes
 * Level 16.4 Armour
 - Level 2.4 Dodging
 - Level 1.5 Stealth
 * Level 15.1 Shields
 * Level 15.2 Invocations
 + Level 1.0 Evocations


You had 16 spell levels left.
You didn't know any spells.
Your spell library was empty.

Dungeon Overview and Level Annotations

Branches:
Dungeon (15/15)            Temple (0/1) D:7            Lair (6/6) D:10
 Shoals (4/4) Lair:2        Snake (0/4) Lair:3        Slime (0/5) Lair:5
    Orc (2/2) D:10         Vaults (0/5) D:13         Depths (0/5) D:15
Ossuary (visited)           IceCv (visited)
    Elf: Orc:2

Altars:
Ashenzari
Dithmenos
Gozag
Hepliaklqana
Kikubaaqudgha
Makhleb
Okawaru
Qazlal
Trog
Uskayaw
Wu Jian
Yredelemnul
Zin
The Shining One
Jiyva

Shops:
D:8 ?(}?!   D:9 *   Orc:2 (   Shoals:3 *   Shoals:4 :

Portals:
Hell: Lair:6

Annotations:
D:4 Blork the orc
D:6 2 runed translucent doors, destino's ghost, novice DgTm
D:12 4 runed translucent doors, Xye's ghost, journeyman GrFi
Lair:5 1 runed translucent door


Message History

The orc knight roars a battlecry!
The orc warrior goes into a battle-frenzy!
Your orc warrior barely misses the orc warrior.
Your orc warrior closely misses the sixfirhy.
Your orc warrior closely misses the hellwing.
Your orc warrior hits the orc high priest with a +0 war axe.
Your orc warrior barely misses the orange demon.
The orc warrior hits you but does no damage.
Your orc priest invokes the aid of Beogh against the orc high priest.
The orc warrior writhes in agony!
The orc high priest calls upon Beogh to heal the orc warrior.
The orc warrior is healed somewhat.
Your orc barely misses the orc warrior.
The orc high priest hits you but does no damage.
The orc warrior hits you with a +0 war axe!
* * * LOW HITPOINT WARNING * * *
The sixfirhy hits your orc wizard! The sixfirhy shocks your orc wizard!
Your orc wizard dies!
The orc sorcerer hits you with a +0 dagger.
You die...
Beogh appreciates the orc sorcerer's killing of a heretic priest.

#.. ###.........### #..
......4........ #..
.).....o.4..... #..
.†.o..4o...). ##.
#.oo.3o4..# #..
#..oo§o)..# #..
#..)5oo)..# #..
#§53o@o4..# #..
#.§§o53...# #..
#####.3...############..
........................
........................
........................
........................
.......................)
........................


You could see an orc knight (strong), 3 orc high priests, an orange demon
(summoned), 2 hellwings, a sixfirhy (summoned), 2 smoke demons, a neqoxec
(summoned), a chaos spawn (summoned), an orc sorcerer (strong), a red devil
(summoned), 4 orc warriors, an iron imp (summoned), a quasit (summoned), a white
imp (summoned), a friendly orc warrior, a friendly orc priest (strong), a
friendly orc wizard (fast) and 2 friendly orcs.

Vanquished Creatures
  Gastronok (D:9)
  A frost giant (IceCv)
  Aizul (Shoals:4)
  2 merfolk javelineers (Shoals:4)
  2 merfolk impalers
  An ogre mage (D:13)
  An ice dragon (D:14)
  A merfolk avatar (Shoals:2)
  Harold (D:7)
  A boulder beetle (Lair:6)
  Erica (D:9)
  A merfolk aquamancer (Shoals:4)
  4 centaur warriors
  10 hydras
  A catoblepas (Lair:6)
  6 two-headed ogres
  A satyr (Shoals:3)
  3 death yaks
  A deep troll earth mage (D:10)
  2 tengu warriors
  6 skeletal warriors
  A sun demon (Lair:6)
  11 sea snakes
  2 orc knights
  7 harpies
  Pikel (D:4)
  A cyclops (D:14)
  4 ugly things
  An oklob plant (Lair:1)
  2 orc sorcerers
  6 manticores
  2 elephants (Lair:6)
  4 black mambas
  2 merfolk sirens
  2 water nymphs
  An ice statue (IceCv)
  2 torpor snails
  An orange demon (Lair:6)
  6 cane toads
  7 rime drakes
  An efreet (D:13)
  2 ice devils (Lair:6)
  9 komodo dragons
  A red devil (Lair:6)
  3 trolls
  16 merfolk
  5 wind drakes
  A polar bear (shapeshifter) (D:14)
  14 polar bears
  2 meliai (Shoals:3)
  4 slime creatures
  3 hornets
  3 snapping turtles
  6 blink frogs
  3 dream sheep
  A shadow (D:14)
  2 wraiths
  54 yaks
  2 water elementals
  A vampire (D:13)
  4 wyverns
  A basilisk (D:13)
  A steam dragon (Lair:4)
  A warg (Orc:2)
  Menkaure (D:5)
  3 soldier ants
  An acid dragon (D:12)
  3 nagas (Lair:3)
  11 water moccasins
  2 hell hounds (Lair:6)
  A meliai simulacrum (D:11)
  7 orc warriors
  3 sky beasts
  A black bear (Lair:5)
  2 ice beasts (D:11)
  2 phantoms
  31 wolves
  2 necrophages
  13 centaurs
  6 ogres
  2 big kobolds
  15 bullfrogs
  13 scorpions
  5 killer bees
  16 wights
  3 electric eels (D:11)
  A howler monkey (D:6)
  A bullfrog zombie (D:13)
  4 centaur zombies
  4 jellies
  4 hounds
  3 centaur skeletons
  A human zombie (Ossuary)
  6 orc priests
  9 orc wizards
  5 iguanas
  4 worker ants
  A big kobold zombie (Ossuary)
  3 mummies (Ossuary)
  A worker ant zombie (D:9)
  3 gnolls
  8 adders
  A hound simulacrum (D:11)
  2 scorpion zombies (Ossuary)
  5 white imps
  A howler monkey simulacrum (D:11)
  A worker ant simulacrum (D:11)
  4 ufetubi
  An ooze (D:7)
  2 adder zombies (D:8)
  A worm zombie (D:4)
  3 worms
  2 dart slugs
  4 leopard geckos
  7 orcs
  2 giant cockroaches
  A gnoll zombie (Ossuary)
  12 goblins
  9 hobgoblins
  6 jackals
  14 kobolds
  3 quokkas
  3 ball pythons
  4 bats (D:1)
  6 frilled lizards
  6 goblin zombies
  2 hobgoblin zombies (Ossuary)
  A jackal zombie (D:4)
  4 orc zombies (Ossuary)
  3 quokka skeletons
  3 rats
  A plant (Shoals:1)
566 creatures vanquished.

Vanquished Creatures (collateral kills)
  Polyphemus (Shoals:2)
  A frost giant (D:10)
  Ilsuiw (Shoals:4)
  An orc warlord (Orc:2)
  5 slime creatures
  A minotaur (Shoals:3)
  8 merfolk javelineers
  2 ettins
  Snorg (D:10)
  3 boulder beetles
  5 merfolk impalers (Shoals:4)
  An ogre mage (D:15)
  3 catoblepae
  2 centaur warriors (D:15)
  An alligator snapping turtle (Shoals:4)
  3 hydras
  2 merfolk avatars
  4 merfolk aquamancers
  5 two-headed ogres
  2 death yaks (Shoals:2)
  A deep elf knight (D:15)
  3 skeletal warriors (D:15)
  A hell knight (D:15)
  A deep troll (D:10)
  5 sea snakes
  A wizard (Lair:6)
  A lindwurm (Lair:5)
  6 harpies
  A cyclops (Shoals:4)
  A deep elf mage (D:15)
  4 ugly things (D:15)
  3 fauns (Shoals:3)
  7 manticores
  4 water nymphs
  2 centaur zombies
  5 elephants
  A torpor snail (Lair:6)
  4 black mambas
  An orange demon (Lair:6)
  2 gargoyles
  4 cane toads
  4 rime drakes
  An efreet (D:13)
  4 komodo dragons
  A hellwing (Lair:6)
  A troll (Orc:2)
  A red devil (Lair:6)
  2 meliai (Shoals:3)
  12 merfolk
  2 polar bears
  A wind drake (Shoals:3)
  4 blink frogs
  3 dream sheep (Lair:5)
  8 snapping turtles
  16 yaks
  5 water elementals
  A wraith (D:14)
  A wyvern (D:8)
  A vampire (D:15)
  6 basilisks
  A warg (Orc:2)
  3 water moccasins
  2 hell hounds (Lair:6)
  2 orc warriors
  A sky beast (D:10)
  4 ice beasts
  A black bear (D:10)
  15 wolves
  6 centaurs
  A big kobold (D:12)
  4 bullfrogs
  3 killer bees
  3 wights
  4 electric eels (D:11)
  A howler monkey (D:12)
  A jelly (D:12)
  A hound (D:13)
  2 orc priests (D:10)
  6 centaur skeletons
  A worker ant (D:14)
  2 iguanas
  5 orc wizards
  A gnoll (D:6)
  An adder (D:9)
  7 orcs
  A hobgoblin (Orc:1)
  A quokka (D:9)
  2 kobolds (D:12)
266 creatures vanquished.

Vanquished Creatures (others)
  A merfolk impaler (Shoals:4)
  An orc high priest (Shoals:2)
  5 orc knights
  An orc sorcerer (Orc:2)
  A deep elf mage (D:15)
  A merfolk siren (Shoals:4)
  17 orc warriors
  A polar bear (IceCv)
  A water elemental (Shoals:1)
  A scorpion (Ossuary)
  5 orc priests (Orc:2)
  16 orc wizards
  47 orcs
  A hobgoblin zombie (Ossuary)
  35 fungi
  79 plants
213 creatures vanquished.

Grand Total: 1045 creatures vanquished

Notes
Turn   | Place    | Note
-------+----------+-------------------------------------------
     0 | D:1      | Exodus22XD the Hill Orc Monk began the quest for the Orb.
     0 | D:1      | Reached XP level 1. HP: 19/19 MP: 1/1
     3 | D:1      | You fall into a shaft and drop 1 floor!
   426 | D:2      | Reached XP level 2. HP: 27/27 MP: 2/2
   724 | D:2      | Reached skill level 1 in Armour
   906 | D:1      | Reached XP level 3. HP: 28/33 MP: 3/3
  2009 | D:3      | Found a faded altar of an unknown god.
  2086 | D:3      | Became a worshipper of Beogh the Brigand
  2086 | D:3      | Reached * piety under Beogh
  2086 | D:3      | Reached ** piety under Beogh
  2109 | D:3      | Reached skill level 5 in Axes
  2109 | D:3      | Reached XP level 4. HP: 41/41 MP: 4/4
  2376 | D:3      | Reached skill level 1 in Invocations
  2376 | D:3      | Reached XP level 5. HP: 38/47 MP: 5/5
  3125 | D:4      | Noticed an ogre
  3128 | D:4      | Noticed a phantom
  3164 | D:4      | Noticed a hornet
  3168 | D:4      | Found a sand-covered staircase.
  3191 | Ossuary  | Entered an ossuary
  3532 | Ossuary  | Reached XP level 6. HP: 53/53 MP: 7/7
  3572 | Ossuary  | Reached skill level 6 in Axes
  4116 | Ossuary  | Reached skill level 5 in Fighting
  4129 | Ossuary  | Reached XP level 7. HP: 24/61 MP: 9/9
  4675 | Ossuary  | Reached skill level 7 in Axes
  4688 | Ossuary  | Reached skill level 5 in Armour
  5562 | D:4      | Noticed Pikel
  5906 | D:4      | Reached XP level 8. HP: 63/69 MP: 10/10
  5967 | D:4      | Paralysed by a hornet for 1 turns
  5988 | D:4      | Identified the +1 leather armour of Luymnog {*Corrode +Fly
                  | rElec Will- SInv}
  5989 | D:4      | HP: 3/69 [poisoned by a hornet]
  5996 | D:3      | HP: 2/69 [poisoned by a hornet]
  6004 | D:3      | HP: 1/69 [poisoned by a hornet]
  6546 | D:4      | Reached skill level 8 in Axes
  6965 | D:4      | Killed Pikel
  6979 | D:4      | Noticed Blork the orc
  7179 | D:4      | Reached skill level 5 in Invocations
  7219 | D:5      | Entered Level 5 of the Dungeon
  7602 | D:5      | Found a basalt altar of Yredelemnul.
  7615 | D:5      | Reached *** piety under Beogh
  7616 | D:5      | Found a broken altar of Ashenzari.
  7626 | D:5      | Found a glowing golden altar of the Shining One.
  7681 | D:5      | Reached skill level 9 in Axes
  7826 | D:5      | Reached XP level 9. HP: 75/75 MP: 12/12
  7950 | D:5      | Noticed Menkaure
  7956 | D:5      | Killed Menkaure
  8290 | D:5      | Noticed a troll
  8299 | D:5      | Killed a troll
  8344 | D:5      | Got a shimmering war axe
  8345 | D:5      | Identified the +9 war axe of Offence {flame, Str+2 Dex+4}
                  | (You found it on level 5 of the Dungeon)
  8485 | D:6      | Found a runed translucent door.
  8490 | D:6      | Noticed destino's ghost (novice DgTm)
  8584 | D:6      | Found a runed translucent door.
  8785 | D:6      | Reached skill level 10 in Axes
  8905 | D:6      | Found a stormy altar of Qazlal.
  8905 | D:6      | Found an ornate altar of the Wu Jian Council.
  8913 | D:6      | Found an ancient bone altar of Kikubaaqudgha.
  8917 | D:6      | Found a glowing silver altar of Zin.
  8919 | D:6      | Found a shadowy altar of Dithmenos.
  8995 | D:6      | Found a hazy altar of Hepliaklqana.
  9307 | D:7      | Reached **** piety under Beogh
  9547 | D:7      | Found a staircase to the Ecumenical Temple.
  9576 | D:7      | Noticed Harold
  9588 | D:7      | Killed Harold
  9589 | D:7      | Reached skill level 11 in Axes
  9589 | D:7      | Reached XP level 10. HP: 44/86 MP: 8/15
  9779 | D:7      | Found an opulent altar of Gozag.
 10093 | D:7      | Found an iron altar of Okawaru.
 11121 | D:8      | Noticed a two-headed ogre
 11126 | D:8      | Killed a two-headed ogre
 11127 | D:8      | Reached skill level 10 in Armour
 11140 | D:8      | Reached skill level 12 in Axes
 11499 | D:8      | Found Amafeh's Magic Scroll Shop.
 11510 | D:8      | Bought a scroll of identify for 26 gold pieces
 11510 | D:8      | Bought a scroll of identify for 26 gold pieces
 11527 | D:8      | Found Ceff's Gadget Boutique.
 11535 | D:8      | Found Oczoh's Distillery.
 11841 | D:8      | Found Eclegum's Magic Scroll Shop.
 11849 | D:8      | Bought a scroll of identify for 26 gold pieces
 11849 | D:8      | Bought a scroll of identify for 26 gold pieces
 11860 | D:8      | Found Afonnyen's Antique Weapon Emporium.
 12117 | D:9      | Noticed Erica
 12126 | D:9      | Killed Erica
 12236 | D:9      | Noticed a two-headed ogre
 12241 | D:9      | Killed a two-headed ogre
 12242 | D:9      | Reached XP level 11. HP: 68/94 MP: 12/17
 12350 | D:9      | Noticed Gastronok
 12360 | D:9      | Killed Gastronok
 12360 | D:9      | Gained Worak as an ally
 12361 | D:9      | Reached skill level 13 in Axes
 12471 | D:9      | Noticed a two-headed ogre
 12478 | D:9      | Killed a two-headed ogre
 12478 | D:9      | Gained Warbeogh as an ally
 12542 | D:9      | Found Kihemowi's General Store.
 12548 | D:9      | Bought a scroll of identify for 20 gold pieces
 12958 | D:10     | Entered Level 10 of the Dungeon
 13283 | D:10     | Noticed a skeletal warrior
 13285 | D:10     | Noticed a skeletal warrior
 13294 | D:10     | Killed a skeletal warrior
 13297 | D:10     | Killed a skeletal warrior
 13297 | D:10     | Noticed a skeletal warrior
 13298 | D:10     | Noticed a skeletal warrior
 13308 | D:10     | Killed a skeletal warrior
 13308 | D:10     | Reached ***** piety under Beogh
 13310 | D:10     | Killed a skeletal warrior
 13311 | D:10     | Reached skill level 14 in Axes
 13311 | D:10     | Noticed Snorg
 13317 | D:10     | Killed Snorg
 13515 | D:10     | Killed a titanic slime creature
 13703 | D:10     | Found a staircase to the Lair.
 13708 | D:10     | Noticed a centaur warrior
 13708 | D:10     | Noticed a five-headed hydra
 13708 | D:10     | Noticed a manticore
 13708 | D:10     | Noticed a tengu warrior
 13719 | D:10     | Killed a manticore
 13720 | D:10     | Reached skill level 10 in Invocations
 13720 | D:10     | Reached XP level 12. HP: 87/105 MP: 14/19
 13725 | D:10     | Killed a one-headed hydra
 13726 | D:10     | Killed a centaur warrior
 13731 | D:10     | Killed a tengu warrior
 13911 | D:10     | Noticed a deep troll earth mage
 13911 | D:10     | Noticed a frost giant
 13916 | D:10     | Killed a deep troll earth mage
 13917 | D:10     | Reached skill level 15 in Axes
 13921 | D:10     | Killed a frost giant
 13922 | D:10     | Reached skill level 10 in Fighting
 14370 | D:10     | Found a staircase to the Orcish Mines.
 14793 | D:11     | Reached skill level 1 in Shields
 14831 | D:11     | Gained Thorok as an ally
 14975 | D:11     | Gained Arbeogh as an ally
 15015 | D:11     | Found a frozen archway.
 15090 | IceCv    | Entered an ice cave
 15619 | IceCv    | Noticed a death yak
 15623 | IceCv    | Noticed a death yak
 15633 | IceCv    | Killed a death yak
 15641 | IceCv    | Killed a death yak
 15642 | IceCv    | Reached XP level 13. HP: 110/114 MP: 19/21
 15692 | IceCv    | Reached skill level 16 in Axes
 16023 | IceCv    | Noticed a frost giant
 16041 | IceCv    | Reached skill level 5 in Shields
 16052 | IceCv    | Killed a frost giant
 17143 | D:12     | Reached ****** piety under Beogh
 17162 | D:12     | Found a glowing golden altar of the Shining One.
 17162 | D:12     | Found a runed translucent door.
 17162 | D:12     | Noticed an angel
 17580 | D:12     | Found a runed translucent gate.
 17582 | D:12     | Found a runed translucent gate.
 17582 | D:12     | Found a runed translucent gate.
 17584 | D:12     | Found an opulent altar of Gozag.
 17584 | D:12     | Noticed a deep elf high priest
 17584 | D:12     | Noticed a fire giant
 17584 | D:12     | Noticed Xye's ghost (journeyman GrFi)
 18032 | D:13     | Noticed an ogre mage
 18040 | D:13     | Killed an ogre mage
 18306 | D:13     | Reached skill level 1 in Evocations
 18312 | D:13     | Gained Agrik as an ally
 18313 | D:13     | Reached XP level 14. HP: 112/124 MP: 21/23
 19081 | D:13     | Found a gate to the Vaults.
 20608 | D:15     | Entered Level 15 of the Dungeon
 20620 | D:15     | Gained Alork as an ally
 20659 | D:15     | Gained Oreg as an ally
 20674 | D:15     | Got a heavily runed chain mail
 20688 | D:15     | Identified the cursed +1 chain mail "Ideisab" {Rampage
                  | *Corrode rC+++ MP-9} (You found it on level 15 of the
                  | Dungeon)
 20754 | D:15     | Your ally Oreg died
 20757 | D:15     | Reached skill level 17 in Axes
 20757 | D:15     | Reached skill level 10 in Shields
 20939 | D:15     | Found a staircase to the Depths.
 20969 | D:15     | Found a flickering gateway to a bazaar.
 20980 | Bazaar   | Entered a bazaar
 20981 | Bazaar   | Found Ridwoam's Gadget Shop.
 20989 | Bazaar   | Found Ukystriuh's Gadget Boutique.
 20991 | Bazaar   | Found Kiggean's Antique Weapon Emporium.
 21003 | Bazaar   | Bought a crystal halberd for 162 gold pieces
 21014 | Bazaar   | Found Qeucaobi's Magic Scroll Boutique.
 21022 | Bazaar   | Bought a scroll of identify for 16 gold pieces
 21022 | Bazaar   | Bought a scroll of identify for 16 gold pieces
 21023 | Bazaar   | Identified the +3 halberd of Evisceration {vorpal, Int+4
                  | Stlth+} (You bought it in a shop in a bazaar)
 21031 | Bazaar   | Found Issylaan's Armour Emporium.
 21076 | Bazaar   | Bought a scroll of silence for 60 gold pieces
 21449 | Lair:1   | Entered Level 1 of the Lair of Beasts
 21766 | Lair:1   | Reached XP level 15. HP: 133/133 MP: 24/24
 22363 | Lair:1   | Found the +8 whip "Snakebite" {curare, rPois}
 22909 | Lair:2   | Found a staircase to the Shoals.
 23521 | Lair:3   | Found a staircase to the Snake Pit.
 24859 | Lair:5   | Identified 3 scrolls of acquirement
 25291 | Lair:5   | Reached skill level 15 in Armour
 25557 | Lair:5   | Found a runed translucent door.
 25557 | Lair:5   | Found a viscous altar of Jiyva.
 25571 | Lair:5   | Found a staircase to the Slime Pits.
 26354 | Lair:6   | Entered Level 6 of the Lair of Beasts
 27200 | Lair:6   | Reached XP level 16. HP: 88/144 MP: 22/26
 27500 | Lair:6   | Found a burning altar of Makhleb.
 27515 | Lair:6   | Found a gateway to Hell.
 27862 | Shoals:1 | Entered Level 1 of the Shoals
 29215 | Shoals:2 | Reached skill level 18 in Axes
 29238 | Shoals:2 | Noticed Polyphemus
 29257 | Shoals:2 | Killed Polyphemus
 30487 | Shoals:3 | Found Caluink's General Store.
 30772 | Shoals:3 | Found a hide-covered altar of Uskayaw.
 30773 | Shoals:3 | Gained Boghold as an ally
 31423 | Shoals:4 | Entered Level 4 of the Shoals
 31434 | Shoals:4 | Noticed Ilsuiw
 31436 | Shoals:4 | Noticed Aizul
 31444 | Shoals:4 | HP: 3/145 [Aizul/bolt of poison (29)]
 31447 | Shoals:4 | Killed Ilsuiw
 31450 | Shoals:4 | Your ally Arbeogh died
 31867 | Shoals:4 | Killed Aizul
 31881 | Shoals:4 | Gained Olfik as an ally
 31963 | Shoals:4 | Found Suaveoco's Book Boutique.
 32109 | Shoals:4 | Reached XP level 17. HP: 147/152 MP: 28/28
 32547 | Shoals:4 | Reached skill level 15 in Invocations
 32741 | Shoals:4 | Got a barnacled rune of Zot
 33241 | Shoals:4 | Identified the Papyrus of the Rocks
 34182 | Orc:1    | Entered Level 1 of the Orcish Mines
 34329 | Orc:1    | Paralysed by an orc sorcerer for 4 turns
 34503 | Orc:1    | Reached skill level 15 in Shields
 34631 | Orc:1    | Found a bloodstained altar of Trog.
 34718 | Orc:2    | Entered Level 2 of the Orcish Mines
 35162 | Orc:2    | Gained Jorge as an ally
 35254 | Orc:2    | Found Aptin's Weapon Boutique.
 35284 | Orc:2    | Your ally Jorge died
 35289 | Orc:2    | Paralysed by an orc sorcerer for 6 turns
 35291 | Orc:2    | HP: 2/150 [orc warrior/+0 war axe (9)]
 35291 | Orc:2    | Slain by an orc sorcerer

Illustrated notes

Levels and vault maps discovered:
D:1:      minmay_arrival_five_plusses, layout_rooms
D:2:      layout_loops_cross, minmay_circle_x
D:3:      layout_loops_corners, chequers_ecumenical_altar_simple_redux,
          chequers_serial_rivers_room_a
D:4:      layout_loops_ring, tgw_sif, enter_ossuary_3, hangedman_feature_mirror,
          uniq_blork_the_orc, uniq_pikel
D:5:      layout_basic, lemuel_round_altar, grunt_temple_overflow_open,
          uniq_menkaure
D:6:      layout_cave_pools, chequers_temple_overflow_minitemple,
          ebering_ghost_sewer_f, basic_altar
D:7:      layout_layer_cave, kennysheep_okawaru_gauntlet,
          grunt_gozag_breadcrumbs, minmay_temple_entry_drinking_statues,
          uniq_harold
D:8:      layout_loops_ring, nzn_hepliaklqana_mist_gate, serial_shops,
          nicolae_shop_temple_entry_statues_fountains, kennysheep_mini_moat,
          shop, shop_statue, nicolae_shop_statue_plus
D:9:      layout_irregular_city, serial_shops, shop, minmay_variable_closet,
          eino_small_chamber_without_monster, blue_anna_alchemist
          [blue_anna_fruit_fields, blue_anna_fruit_fields], uniq_gastronok,
          uniq_erica
D:10:     minmay_shrinking_squares, layout_basic, lair_entry_dummy,
          hiddenorc2_lemuel, st_stairs_13, chequers_serial_rivers_room_a,
          uniq_snorg
D:11:     layout_basic, serial_ice, serial_ice_e, serial_ice_f, serial_ice_n,
          serial_ice_m, serial_ice_d, serial_ice_h, serial_ice_a, serial_ice_j,
          serial_ice_c, serial_ice_b, portal_ice_cave_rime, nrook_loot_triangle,
          hangedman_decor_points, chequers_decorated_corner
D:12:     layout_cave_pools, ebering_ghost_gozag, lemuel_angel_altar
D:13:     hangedman_cross_stitches, layout_basic, david_vaults_2
D:14:     layout_small_grid, chequers_serial_rivers_micro_b,
          minmay_hollow_rounded_squares
D:15:     hangedman_depths_entry_civil_slaughter, layout_cave_pools,
          serial_shops, bzr_firewalk
Lair:1:   minmay_guarded_unrand_snakebite, layout_cave_pods,
          serial_bayou_shore_b, grunt_megastairs_2, minmay_lair_oklob_chamber
Lair:2:   layout_big_grid, minmay_shoals_entry_beasts, grunt_megastairs_1,
          serial_bayou_shore_b, serial_bayou_shore_a
Lair:3:   layout_big_grid, minmay_snake_entry_guardpost_medium
Lair:4:   layout_roguey
Lair:5:   layout_cave_pods, slime_altar_2, minmay_lair_drake_nest,
          grunt_megastairs_5
Lair:6:   evil_forest, layout_cave_pods, minivault_24,
          grunt_forest_large_clearings, grunt_megastairs_4
Shoals:1: layout_shoals
Shoals:2: layout_shoals, nicolae_shoals_so_close, uniq_polyphemus
Shoals:3: layout_shoals, serial_shops, shop, regret_index_shoals_crete
Shoals:4: shoals_end_simple, layout_shoals, shoals_ilsuiw_ice, serial_shops,
          shop, uniq_aizul
Orc:1:    layout_caves, trog_hazing_becter
Orc:2:    st_orc_congregation, layout_caves, serial_shops,
          nicolae_shop_statue_plus

Skill      XL: |  1  2  3  4  5  6  7  8  9 10 11 12 13 14 15 16 17 |
---------------+----------------------------------------------------+-----
Fighting       | 4 5 6 7 8 9 10 11 12 13 14 | 14.3
Armour         | 1 2 3 4 5 7 9 10 11 12 13 14 15 16 | 16.4
Axes           | 5 6 7 9 11 12 14 15 16 17 18 | 18.4
Invocations    | 1 2 3 5 7 8 10 11 12 13 14 15 | 15.2
Shields        | 3 7 10 12 14 15 | 15.1
Evocations     | 1 |  1.0
Dodging        | |  2.4
Stealth        | |  1.5

Action                   |  1- 3 |  4- 6 |  7- 9 | 10-12 | 13-15 | 16-18 || total
-------------------------+-------+-------+-------+-------+-------+-------++-------
Melee: Hand axe          |   156 |   182 |   284 |       |       |       ||   622
       War axe           |       |       |    84 |   325 |   866 |   429 ||  1704
       Spear             |       |       |       |     3 |       |       ||     3
Invok: Convert to Beogh  |     1 |       |       |       |       |       ||     1
       Recall Orcish Fol |       |       |       |     4 |    16 |    11 ||    31
       Give Item to Name |       |       |       |     1 |     4 |     3 ||     8
       Stop Recall       |       |       |       |     1 |     2 |       ||     3
       Resurrection      |       |       |       |       |       |     1 ||     1
       Smiting           |       |       |       |       |       |     2 ||     2
Evoke: Wand              |       |       |       |       |     2 |     6 ||     8
  Use: Scroll            |       |     4 |    17 |    10 |    14 |    13 ||    58
       Potion            |       |     1 |     3 |     3 |     3 |    12 ||    22
 Stab: Invisible         |       |       |     1 |     9 |       |    12 ||    22
       Distracted        |       |       |       |     4 |    12 |     6 ||    22
       Petrified         |       |       |       |       |     1 |       ||     1
       Paralysed         |       |       |       |       |       |     1 ||     1
Armor: Scale mail        |    77 |    70 |   141 |    15 |       |       ||   303
       Plate armour      |       |       |       |   189 |   375 |   142 ||   706
       Fire dragon scale |       |       |       |       |       |    74 ||    74
Dodge: Dodged            |    88 |    86 |   177 |    80 |   133 |   154 ||   718
Block: Tower shield      |       |       |       |    83 |   382 |       ||   465
       Kite shield       |       |       |       |       |   236 |   360 ||   596
